[Event "*** Titled Tuesday Blitz"]
[Site "Chess.com"]
[Date "2020.04.14"]
[Round "6"]
[White "1f3_2g41-0"]
[Black "czasnaszachy"]
[Result "1-0"]
[WhiteElo "2192"]
[BlackElo "2328"]
[TimeControl "180+1"]
[EndTime "11:00:07 PDT"]
[Termination "1f3_2g41-0 won by resignation"]

1. e4 c5 2. Nf3 e6 3. d4 cxd4 4. Nxd4 Nc6 5. Nc3 Qc7 6. Be3 a6 7. Qf3 Nf6 8. O-O-O Be7 9. g4 O-O 10. g5 Ne8 11. Qh3 Qa5 12. f4 e5 13. Nb3 Qb4 14. Nd5 Qxe4 15. Bd3 Qxd3 16. Rxd3 e4 17. Rdd1 d6 18. Qg2 Bf5 19. Nd4 Nxd4 20. Nxe7+ 1-0

[Event "*** Titled Tuesday Blitz"]
[Site "Chess.com"]
[Date "2020.04.14"]
[Round "6"]
[White "nickmatta"]
[Black "White_Ghost"]
[Result "1-0"]
[WhiteElo "2319"]
[BlackElo "2459"]
[TimeControl "180+1"]
[EndTime "11:00:11 PDT"]
[Termination "nickmatta won by resignation"]

1. d4 Nf6 2. c4 d6 3. Nc3 Nbd7 4. e4 g6 5. Bd3 e5 6. d5 Bg7 7. Nge2 O-O 8. O-O Nh5 9. Be3 f5 10. exf5 gxf5 11. Ng3 Nxg3 12. fxg3 Nc5 13. Bc2 a5 14. Qh5 e4 15. g4 fxg4 16. Rxf8+ Qxf8 17. Nxe4 Qf5 18. Nf6+ Qxf6 19. Qxh7+ Kf8 20. Rf1 1-0

[Event "*** Titled Tuesday Blitz"]
[Site "Chess.com"]
[Date "2020.04.14"]
[Round "6"]
[White "talman67"]
[Black "LordIron"]
[Result "0-1"]
[WhiteElo "2508"]
[BlackElo "2223"]
[TimeControl "180+1"]
[EndTime "11:00:12 PDT"]
[Termination "LordIron won by resignation"]

1. e4 c5 2. Nf3 d6 3. d4 Nf6 4. Nc3 cxd4 5. Nxd4 a6 6. h3 e5 7. Nb3 h5 8. Bg5 Be6 9. a4 Nbd7 10. a5 Be7 11. Be2 Rc8 12. O-O Rxc3 13. bxc3 Nxe4 14. Bxe7 Qxe7 15. Bf3 d5 16. c4 Ndf6 17. cxd5 Bxd5 18.
Re1 O-O 19. Ra4 Nc3 20. Qa1 Nxa4 21. Qxa4 Bxf3 22. gxf3 Nd5 23. Qe4 Nf4 24. Kh2 Qh4 0-1

[Event "*** Titled Tuesday Blitz"]
[Site "Chess.com"]
[Date "2020.04.14"]
[Round "6"]
[White "Gandrade2"]
[Black "erlesfar"]
[Result "0-1"]
[WhiteElo "2010"]
[BlackElo "2260"]
[TimeControl "180+1"]
[EndTime "11:00:12 PDT"]
[Termination "erlesfar won by resignation"]

1. d4 Nf6 2. c4 c5 3. d5 b5 4. cxb5 a6 5. bxa6 Bxa6 6. Nc3 g6 7. g3 d6 8. Bg2 Bg7 9. Nf3 Nbd7 10. Rb1 O-O 11. O-O Qa5 12. Bd2 Rfb8 13. b3 Qa3 14. Ne1 Ne8 15. Nc2 Qa5 16. Na4 Qd8 17. Re1 Nc7 18.
Bc3 Nf6 19. h3 Bb5 20. Ne3 Bxa4 21. bxa4 Rxb1 22. Bb2 Rxd1 23. Bc3 0-1

[Event "*** Titled Tuesday Blitz"]
[Site "Chess.com"]
[Date "2020.04.14"]
[Round "6"]
[White "Olkaa"]
[Black "Vamostodorecto"]
[Result "1-0"]
[WhiteElo "2658"]
[BlackElo "2499"]
[TimeControl "180+1"]
[EndTime "11:00:13 PDT"]
[Termination "Olkaa won by resignation"]

1. e4 e5 2. Nf3 Nc6 3. Nc3 Nf6 4.
d4 exd4 5. Nxd4 Bb4 6. Nxc6 bxc6 7. Bd3 d5 8. exd5 O-O 9. O-O Bg4 10. f3 Bh5 11. Bg5 Bxc3 12. bxc3 cxd5 13. c4 d4 14.
Qd2 h6 15. Bh4 Qd6 16. Bg3 Qc5 17. Rab1 Rab8 18. Rfe1 Rfe8 19. Rxb8 Rxb8 20. Re5 Qb4 21.
Qxb4 Rxb4 22. Rc5 Ra4 23. Rxc7 Rxa2 24. Rc8+ 1-0

[Event "*** Titled Tuesday Blitz"]
[Site "Chess.com"]
[Date "2020.04.14"]
[Round "6"]
[White "Hadza_3"]
[Black "Dare-Dare"]
[Result "0-1"]
[WhiteElo "2385"]
[BlackElo "2205"]
[TimeControl "180+1"]
[EndTime "11:00:13 PDT"]
[Termination "Dare-Dare won by resignation"]

1. e4 e6 2. Nf3 d5 3. e5 c5 4. g3 Nc6 5. Bg2 f5 6. exf6 Nxf6 7.
O-O Bd6 8. d3 O-O 9. Qe2 e5 10. c4 e4 11. dxe4 dxe4 12. Nfd2 Nd4 13. Qd1 Bg4 14. f3 e3 15. fxg4 e2 16. Qa4 exf1=Q+ 17. Nxf1 Nxg4 18. Nc3 Qf6 19. Ne4 Ne2+ 20. Kh1 Qd4 0-1

[Event "*** Titled Tuesday Blitz"]
[Site "Chess.com"]
[Date "2020.04.14"]
[Round "6"]
[White "LiemLe"]
[Black "tigra"]
[Result "0-1"]
[WhiteElo "2996"]
[BlackElo "2840"]
[TimeControl "180+1"]
[EndTime "11:00:20 PDT"]
[Termination "tigra won by resignation"]

1. e4 c5 2. Nf3 e6 3. d4 cxd4 4. Nxd4 Nf6 5. Nc3 d6 6. g4 h6 7. Bg2 Nc6 8. h3 Be7 9. Nxc6 bxc6 10. e5 Nd5 11. exd6 Qxd6 12. Ne4 Qb4+ 13. Nd2 Ba6 14. a3 Qa5 15. c4 Bxc4 16. b4 Qa6 17. Nxc4 Qxc4 18.
Bb2 Nf4 19. Qf3 Nd3+ 20. Qxd3 Qxd3 21. Bxc6+ Kf8 22. Bxa8 Bh4 23. Rd1 Qe3+ 0-1

[Event "*** Titled Tuesday Blitz"]
[Site "Chess.com"]
[Date "2020.04.14"]
[Round "6"]
[White "PavelChernomordik"]
[Black "Firegrizzly"]
[Result "0-1"]
[WhiteElo "2425"]
[BlackElo "2590"]
[TimeControl "180+1"]
[EndTime "11:00:23 PDT"]
[Termination "Firegrizzly won by resignation"]

1. e4 e6 2. Nc3 d5 3. d4 Bb4 4. Ne2 Ne7 5. a3 Ba5 6. e5 a6 7.
b4 Bb6 8. Bg5 h6 9. Bh4 Nbc6 10.
Na4 Ba7 11. c3 Bd7 12. Nc5 Bxc5 13. bxc5 b6 14. cxb6 cxb6 15. f4 O-O 16. Ng3 Qc7 17. Bd3 Nf5 18. Nxf5 exf5 19. g4 fxg4 20. f5 h5 21. O-O Na5 22. Rc1 Bb5 23. Bxb5 axb5 24. Qd3 Nc4 25. h3 Rxa3 26. hxg4 hxg4 27. Qg3 f6 28.
Qxg4 fxe5 29. f6 Ne3 30. fxg7 Rxf1+ 31. Rxf1 Nxg4 0-1

[Event "*** Titled Tuesday Blitz"]
[Site "Chess.com"]
[Date "2020.04.14"]
[Round "6"]
[White "Justinz"]
[Black "beto-betun"]
[Result "0-1"]
[WhiteElo "2263"]
[BlackElo "2112"]
[TimeControl "180+1"]
[EndTime "11:00:34 PDT"]
[Termination "beto-betun won by checkmate"]

1. e4 c5 2. Nf3 d6 3. d4 cxd4 4. Nxd4 Nf6 5. Nc3 a6 6. Rg1 e5 7. Nb3 b5 8. g4 h6 9. h4 Bb7 10.
Bg2 Be7 11. Be3 b4 12. Nd5 Nxd5 13. exd5 Bxh4 14. Qd2 a5 15. a3 bxa3 16. Rxa3 a4 17. Nc1 Nd7 18. Ne2 O-O 19. Qb4 Qc7 20. Nc3 Ba6 21. Rxa4 Bg5 22. Ne4 Qxc2 23. Nd2 Qc1# 0-1

[Event "*** Titled Tuesday Blitz"]
[Site "Chess.com"]
[Date "2020.04.14"]
[Round "6"]
[White "kingofthenil"]
[Black "sebsep"]
[Result "1-0"]
[WhiteElo "2546"]
[BlackElo "2380"]
[TimeControl "180+1"]
[EndTime "11:00:41 PDT"]
[Termination "kingofthenil won by checkmate"]

1. e4 e5 2. Nf3 Nc6 3. Bc4 Bc5 4. d3 Nf6 5. c3 O-O 6. Bb3 d6 7.
Bg5 h6 8. Bh4 a6 9. Nbd2 Ba7 10.
h3 Be6 11. g4 Bxb3 12. axb3 g5 13. Nxg5 hxg5 14. Bxg5 Kg7 15. Qf3 Nb8 16. Nf1 Nbd7 17. Ng3 Qe8 18. Rg1 Ng8 19. Nf5+ Kh7 20. Qg3 f6 21. Qh4+ Kg6 22. Qh5# 1-0

[Event "*** Titled Tuesday Blitz"]
[Site "Chess.com"]
[Date "2020.04.14"]
[Round "6"]
[White "cukin84"]
[Black "MilanJeremic"]
[Result "1-0"]
[WhiteElo "2109"]
[BlackElo "2256"]
[TimeControl "180+1"]
[EndTime "11:00:41 PDT"]
[Termination "cukin84 won by checkmate"]

1. e4 c6 2. d4 d5 3. exd5 cxd5 4. Bd3 Nc6 5. c3 Nf6 6. h3 g6 7. Nf3 Bg7 8. O-O O-O 9. Bf4 a6 10. Nbd2 Bf5 11. Bxf5 gxf5 12. Re1 e6 13. Ne5 Ne4 14. f3 Nxd2 15. Qxd2 Nxe5 16. Bxe5 Qh4 17. Kh2 Kh8 18. Bg3 Qh5 19. Re2 Rg8 20. Rae1 Bf6 21. Be5 Bxe5+ 22. Rxe5 Qg6 23. g4 fxg4 24. fxg4 b6 25. Qf2 b5 26. a3 a5 27. Rf1 Rg7 28. Re3 b4 29. axb4 axb4 30. Rf3 bxc3 31. bxc3 Kg8 32. Rf6 Qd3 33. Rxf7 Ra2 34. Rf8# 1-0

[Event "*** Titled Tuesday Blitz"]
[Site "Chess.com"]
[Date "2020.04.14"]
[Round "6"]
[White "SameerMujumdar"]
[Black "LileKoridze"]
[Result "0-1"]
[WhiteElo "2399"]
[BlackElo "2284"]
[TimeControl "180+1"]
[EndTime "11:00:48 PDT"]
[Termination "LileKoridze won by resignation"]

1. e4 c5 2. Nf3 d6 3. d4 cxd4 4. Nxd4 Nf6 5. Nc3 Nc6 6. Be3 e5 7. Nb3 Be7 8. Be2 O-O 9. Qd2 a5 10. a4 Be6 11. O-O Nb4 12. Rfd1 Qc7 13. Rac1 Rfd8 14. f3 d5 15. exd5 Nfxd5 16. Nxd5 Nxd5 17. Bf2 Nf4 18. Qe1 Bg5 19. Bb5 Rac8 20. Rxd8+ Rxd8 21. Be3 Rc8 22. Qf2 Bxb3 23. cxb3 Ne2+ 0-1

[Event "*** Titled Tuesday Blitz"]
[Site "Chess.com"]
[Date "2020.04.14"]
[Round "6"]
[White "TV27"]
[Black "lelya96"]
[Result "1-0"]
[WhiteElo "2078"]
[BlackElo "2246"]
[TimeControl "180+1"]
[EndTime "11:00:51 PDT"]
[Termination "TV27 won by checkmate"]

1. c4 Nf6 2. Nc3 e6 3. e4 d5 4. e5 d4 5. exf6 dxc3 6. bxc3 Qxf6 7. d4 c5 8. Nf3 h6 9. Bd3 Nc6 10. Be3 g6 11. O-O Bg7 12. d5 Ne5 13. Nxe5 Qxe5 14. Bxc5 Qxc3 15. Rc1 Qa5 16. Bd6 Qxa2 17. Re1 Bd7 18.
dxe6 Bxe6 19. Rxe6+ fxe6 20. Bxg6+ Kd7 21. Bf4+ Kc8 22.
Qd6 e5 23. Bf5# 1-0

[Event "*** Titled Tuesday Blitz"]
[Site "Chess.com"]
[Date "2020.04.14"]
[Round "6"]
[White "ValeriyGrinev"]
[Black "Kingsman132"]
[Result "0-1"]
[WhiteElo "2588"]
[BlackElo "2446"]
[TimeControl "180+1"]
[EndTime "11:00:54 PDT"]
[Termination "Kingsman132 won by resignation"]

1. d4 Nf6 2. c4 e6 3. Nc3 Bb4 4.
e3 d5 5. a3 Bxc3+ 6. bxc3 O-O 7. Bd3 c5 8. cxd5 Qxd5 9. f3 Nc6 10. Ne2 Qd6 11. O-O e5 12. Bb2 Rd8 13. Qc2 Be6 14. e4 c4 15. d5 Qc5+ 16. Kh1 cxd3 17. Qxd3 Na5 18. Bc1 Nc4 19. Bg5 Rd6 20. f4 Nxe4 21. Qxe4 Bxd5 22. Qb1 Nd2 23. Qb4 Qxb4 24. cxb4 Nxf1 25.
Rxf1 Bc4 0-1

[Event "*** Titled Tuesday Blitz"]
[Site "Chess.com"]
[Date "2020.04.14"]
[Round "6"]
[White "KingCrusher275"]
[Black "ItsCheckM8Mate"]
[Result "0-1"]
[WhiteElo "2369"]
[BlackElo "2168"]
[TimeControl "180+1"]
[EndTime "11:00:58 PDT"]
[Termination "ItsCheckM8Mate won by resignation"]

1. d4 Nf6 2. c4 c5 3. d5 b5 4. cxb5 a6 5. bxa6 Bxa6 6. Nc3 g6 7. Nf3 Bg7 8. e4 Bxf1 9. Kxf1 d6 10. g3 O-O 11. Kg2 Nbd7 12. a4 Qb6 13. Qe2 Rfb8 14. Bd2 Ne8 15. Rhb1 Nc7 16. Ra3 Qa6 17. Qd1 Qc4 18.
Qf1 Qxf1+ 19. Kxf1 Rb4 20. Ne1 Bxc3 21. Bxc3 Rxe4 22. Rd1 Rexa4 23. Rxa4 Rxa4 24. Nf3 Nb6 25. b3 Ra3 0-1

[Event "*** Titled Tuesday Blitz"]
[Site "Chess.com"]
[Date "2020.04.14"]
[Round "6"]
[White "PeterPantz"]
[Black "IngOscarArdila"]
[Result "1-0"]
[WhiteElo "2242"]
[BlackElo "2097"]
[TimeControl "180+1"]
[EndTime "11:01:01 PDT"]
[Termination "PeterPantz won by resignation"]

1. d4 Nf6 2. c4 g6 3. Nc3 Bg7 4. e4 d6 5. f3 O-O 6. Bg5 h6 7.
Be3 e5 8. d5 Nbd7 9. Qd2 Kh7 10. Nh3 a5 11. Nf2 Nc5 12. g4 c6 13. h4 h5 14. Be2 cxd5 15. cxd5 Bd7 16. Bg5 Qe8 17.
Rg1 b5 18. Ncd1 hxg4 19. Bxf6 Bxf6 20. Nxg4 Bg7 21. h5 gxh5 22. Rh1 f5 23. exf5 Rxf5 24. Nde3 Rf4 25. Ng2 Rd4 26. Qg5 Qg6 27. Rxh5+ Bh6 28. Rxh6+ 1-0

[Event "*** Titled Tuesday Blitz"]
[Site "Chess.com"]
[Date "2020.04.14"]
[Round "6"]
[White "Indianlad"]
[Black "theprosecution1"]
[Result "1-0"]
[WhiteElo "2975"]
[BlackElo "2805"]
[TimeControl "180+1"]
[EndTime "11:01:02 PDT"]
[Termination "Indianlad won by resignation"]

1. Nf3 Nf6 2. c4 e6 3. Nc3 d5 4.
e3 Be7 5. b3 O-O 6. Bb2 b6 7.
g4 Bb7 8. g5 Ne4 9. Rg1 dxc4 10. bxc4 Nd7 11. Be2 Ndc5 12. Qc2 Re8 13. O-O-O Nxc3 14. Bxc3 Qd7 15. d4 Ne4 16. Ne5 Qc8 17. Bb2 Bf8 18.
Bd3 f5 19. gxf6 Nxf6 20. Rg3 Re7 21. Rdg1 c5 22. Rh3 h6 23. Rxh6 cxd4 24. Bh7+ 1-0

[Event "*** Titled Tuesday Blitz"]
[Site "Chess.com"]
[Date "2020.04.14"]
[Round "6"]
[White "FMOlexandrProhorov"]
[Black "Sharafiev_Azat"]
[Result "1-0"]
[WhiteElo "2136"]
[BlackElo "2501"]
[TimeControl "180+1"]
[EndTime "11:01:03 PDT"]
[Termination "FMOlexandrProhorov won by resignation"]

1. e4 c5 2. c3 e6 3. d4 d5 4.
exd5 exd5 5. Nf3 Nf6 6. Bb5+ Bd7 7. Qe2+ Be7 8. dxc5 O-O 9. O-O Bxc5 10. Bg5 h6 11. Bh4 Re8 12. Qd3 Qb6 13. Bxd7 Nbxd7 14. b4 Bd6 15. Nbd2 Rac8 16. Nd4 Ne5 17. Qh3 Ne4 18. Nxe4 dxe4 19. Rac1 Nd3 20. Rc2 Bxb4 21. Nf5 Bxc3 22.
Ne7+ Kf8 23. Nxc8 Qc5 24. Nd6 Nb4 25. Qd7 1-0

[Event "*** Titled Tuesday Blitz"]
[Site "Chess.com"]
[Date "2020.04.14"]
[Round "6"]
[White "DanielDardha2005"]
[Black "enzovsky"]
[Result "1-0"]
[WhiteElo "2578"]
[BlackElo "2333"]
[TimeControl "180+1"]
[EndTime "11:01:06 PDT"]
[Termination "DanielDardha2005 won by resignation"]

1. e4 c5 2. Nc3 d6 3. Nge2 Nf6 4. g3 Nc6 5. Bg2 g6 6. d4 cxd4 7. Nxd4 Nxd4 8. Qxd4 Bg7 9. O-O O-O 10. Qc4 Be6 11. Nd5 Rc8 12. Qe2 Nxd5 13. exd5 Bf5 14. c3 Qd7 15. Bg5 Rfe8 16. Rfe1 h6 17. Be3 a6 18.
a4 Bh3 19. Bh1 Bg4 20. Qd2 Kh7 21. a5 Qb5 22. Bb6 h5 23. Re4 Bf5 24. Rb4 Qd7 25. Re1 h4 26. Rxh4+ Kg8 27. Bd4 e5 28. dxe6 Rxe6 29.
Rxe6 fxe6 30. Bxg7 Qxg7 31. Qxd6 Qf6 32. Qd7 Rd8 33.
Qh7+ Kf8 34. Qh8+ Ke7 35. Rh7+ 1-0

[Event "*** Titled Tuesday Blitz"]
[Site "Chess.com"]
[Date "2020.04.14"]
[Round "6"]
[White "GamayevOleg"]
[Black "Casablanca"]
[Result "1/2-1/2"]
[WhiteElo "2521"]
[BlackElo "2359"]
[TimeControl "180+1"]
[EndTime "11:01:08 PDT"]
[Termination "Game drawn - insufficient material"]

1. d3 d5 2. e4 dxe4 3. dxe4 e5 4. Qxd8+ Kxd8 5. Nf3 f6 6. Nfd2 c6 7. f3 Be6 8. c3 Nd7 9. Bc4 Bxc4 10. Nxc4 Kc7 11. a4 Ne7 12. Kd2 Rd8 13. Kc2 Nc8 14. Nbd2 Nd6 15. Nxd6 Bxd6 16. Nc4 Be7 17. Rd1 Nb6 18.
Nxb6 axb6 19. Be3 Bc5 20. Rxd8 Rxd8 21. Bd2 Ra8 22. b3 b5 23. h3 bxa4 24. Rxa4 Rxa4 25. bxa4 Bb6 26. Kb3 Ba5 27. Kc4 Kd6 28. Be3 b6 29. g4 g6 30. Bd2 h5 31. Be3 hxg4 32. fxg4 Ke6 33. h4 f5 34. gxf5+ gxf5 35. exf5+ Kxf5 36. h5 Kf6 37. Bd2 Kf5 38. h6 Kg6 39. Kd3 b5 40. axb5 cxb5 41. Ke4 Bxc3 42. Bxc3 Kxh6 43. Kxe5 b4 44. Bxb4 1/2-1/2

[Event "*** Titled Tuesday Blitz"]
[Site "Chess.com"]
[Date "2020.04.14"]
[Round "6"]
[White "Zhani-Z"]
[Black "LuisFSiles"]
[Result "1-0"]
[WhiteElo "2486"]
[BlackElo "2305"]
[TimeControl "180+1"]
[EndTime "11:01:09 PDT"]
[Termination "Zhani-Z won by resignation"]

1. e4 c5 2. Nc3 Nc6 3. g3 g6 4.
Bg2 Bg7 5. Nge2 d6 6. d3 Nf6 7. h3 O-O 8. O-O Rb8 9. f4 Nd7 10. g4 Nd4 11. f5 Ne5 12. Be3 Nxe2+ 13. Nxe2 b5 14. Qd2 b4 15. Bh6 a5 16. Bxg7 Kxg7 17. Rf2 Bd7 18. Raf1 f6 19. g5 a4 20. b3 axb3 21.
axb3 Ra8 22. Ng3 Ra2 23. Qf4 e6 24. fxe6 Bxe6 25. gxf6+ 1-0

[Event "*** Titled Tuesday Blitz"]
[Site "Chess.com"]
[Date "2020.04.14"]
[Round "6"]
[White "Gennady_Kozlov"]
[Black "renehp"]
[Result "1-0"]
[WhiteElo "2583"]
[BlackElo "2420"]
[TimeControl "180+1"]
[EndTime "11:01:15 PDT"]
[Termination "Gennady_Kozlov won by resignation"]

1. b3 e5 2. Bb2 Nc6 3. e3 d5 4.
Bb5 Bd6 5. f4 f6 6. Nh3 e4 7. Qh5+ g6 8. Qxd5 Bxh3 9. Qxe4+ Kf7 10.
gxh3 Nge7 11. Nc3 Re8 12. Bc4+ Kg7 13. Qe6 Rf8 14. Ne4 Nf5 15. O-O-O a5 16. a4 Nb4 17. Rhg1 c6 18. Qxf5 b5 19. Rxg6+ hxg6 20. Rg1 Qe8 21. Nxf6 Na2+ 22. Kb1 1-0

[Event "*** Titled Tuesday Blitz"]
[Site "Chess.com"]
[Date "2020.04.14"]
[Round "6"]
[White "DrBergerBerger"]
[Black "pichonazo"]
[Result "1-0"]
[WhiteElo "2516"]
[BlackElo "2545"]
[TimeControl "180+1"]
[EndTime "11:01:19 PDT"]
[Termination "DrBergerBerger won by resignation"]

1. e4 Nc6 2. Nf3 d6 3. d4 Nf6 4. Nc3 Bg4 5. Be3 e5 6. Bb5 exd4 7. Qxd4 Be7 8. O-O-O O-O 9. Bxc6 bxc6 10. h3 Bxf3 11. gxf3 Nd7 12. f4 Nc5 13. Rhg1 g6 14. f5 Bf6 15. Qc4 Qe7 16. Bxc5 dxc5 17. Rde1 Kh8 18. e5 Bxe5 19. f4 Bxf4+ 20. Qxf4 Qf6 21. Ne4 Qd4 22.
c3 1-0

[Event "*** Titled Tuesday Blitz"]
[Site "Chess.com"]
[Date "2020.04.14"]
[Round "6"]
[White "GMSrinath"]
[Black "Talcrifice"]
[Result "1-0"]
[WhiteElo "2779"]
[BlackElo "2548"]
[TimeControl "180+1"]
[EndTime "11:01:20 PDT"]
[Termination "GMSrinath won by resignation"]

1. e4 e5 2. Nf3 Nc6 3. Bb5 a6 4. Ba4 Nf6 5. O-O Be7 6. Re1 b5 7. Bb3 O-O 8. c3 d5 9. exd5 Nxd5 10. Nxe5 Nxe5 11. Rxe5 c6 12. d3 Bd6 13. Re1 Bf5 14. Qf3 Re8 15. Rxe8+ Qxe8 16. Nd2 Qe1+ 17. Nf1 Bg6 18. Bd1 Re8 19. Bd2 Qe6 20. Bb3 Qd7 21.
a4 Nf6 22. axb5 axb5 23. Ra6 Rc8 24. Bg5 b4 25. Bxf6 gxf6 26. d4 c5 27. Qd5 Rd8 28. dxc5 Bxh2+ 29. Kxh2 Qxd5 30. Bxd5 Rxd5 31. Ra8+ Kg7 32.
cxb4 Rd4 33. c6 1-0

[Event "*** Titled Tuesday Blitz"]
[Site "Chess.com"]
[Date "2020.04.14"]
[Round "6"]
[White "temus_galaktionov"]
[Black "Zaven_ChessMood"]
[Result "0-1"]
[WhiteElo "2782"]
[BlackElo "2915"]
[TimeControl "180+1"]
[EndTime "11:01:24 PDT"]
[Termination "Zaven_ChessMood won by resignation"]

1. d4 Nf6 2. Nf3 g6 3. c4 c5 4.
d5 b5 5. Qc2 bxc4 6. e4 d6 7.
Bxc4 Bg7 8. O-O O-O 9. Nc3 Bg4 10. Nd2 a5 11. b3 a4 12. Bb2 a3 13. Bc1 Bc8 14. Rb1 Qa5 15. Nb5 Na6 16. Bxa3 Bd7 17. Qd3 Bxb5 18. Bxb5 Qxa3 19. Nc4 Nb4 20. Qf3 Qxa2 21. e5 Nfxd5 22. Rbd1 Nc3 23. Qxc3 d5 24. Nb6 Rab8 25. Qxc5 Qa5 26. Nd7 Rxb5 27. Qxe7 Qd8 28. Qd6 Re8 29. Rfe1 Re6 30. Nf6+ Bxf6 31. Qxd8+ Bxd8 0-1

[Event "*** Titled Tuesday Blitz"]
[Site "Chess.com"]
[Date "2020.04.14"]
[Round "6"]
[White "Natalya_Buksa"]
[Black "mattcolins2025"]
[Result "0-1"]
[WhiteElo "2442"]
[BlackElo "2323"]
[TimeControl "180+1"]
[EndTime "11:01:25 PDT"]
[Termination "mattcolins2025 won by resignation"]

1. d4 Nf6 2. Bf4 g6 3. Nc3 d5 4. e3 Bg7 5. h4 h5 6. Nf3 O-O 7. Ne5 c6 8. Be2 Nbd7 9. f3 Nxe5 10. Bxe5 Nd7 11. Bxg7 Kxg7 12. g4 Rh8 13. Qd2 e5 14. g5 f6 15. gxf6+ Qxf6 16. dxe5 Nxe5 17. O-O-O Bf5 18.
f4 Ng4 19. e4 dxe4 20. Bxg4 Rad8 21. Qe3 hxg4 22. Nxe4 Rxd1+ 23. Rxd1 Re8 24. Nxf6 Rxe3 25.
Nd7 Re2 26. Ne5 Rxc2+ 27. Kb1 g3 28. Ka1 g2 0-1

[Event "*** Titled Tuesday Blitz"]
[Site "Chess.com"]
[Date "2020.04.14"]
[Round "6"]
[White "jwillz14"]
[Black "TudorAnton"]
[Result "0-1"]
[WhiteElo "2393"]
[BlackElo "2592"]
[TimeControl "180+1"]
[EndTime "11:01:26 PDT"]
[Termination "TudorAnton won by resignation"]

1. Nf3 d5 2. g3 Bg4 3. Bg2 Nd7 4. c4 e6 5. cxd5 exd5 6. Qa4 Bxf3 7. Bxf3 c6 8. O-O Ngf6 9. d3 Be7 10. Nc3 O-O 11.
Rb1 Re8 12. b4 a5 13. b5 Bb4 14. Bd2 Ne5 15. bxc6 bxc6 16. d4 Nxf3+ 17. exf3 Qd7 18.
a3 Bxc3 19. Bxc3 Qf5 20. Kg2 h5 21. h4 Re2 22. Rfe1 Rae8 23. Rxe2 Rxe2 24. Re1 Rc2 25. Bxa5 Ng4 26. Qxc2 Qxc2 27. fxg4 hxg4 28. Bb4 Qd3 29. Bc5 f5 30. Re6 Qf3+ 31. Kg1 f4 32. gxf4 g3 33.
fxg3 Qxg3+ 0-1

[Event "*** Titled Tuesday Blitz"]
[Site "Chess.com"]
[Date "2020.04.14"]
[Round "6"]
[White "BAS8892"]
[Black "googlegoom"]
[Result "1-0"]
[WhiteElo "2657"]
[BlackElo "2499"]
[TimeControl "180+1"]
[EndTime "11:01:27 PDT"]
[Termination "BAS8892 won by checkmate"]

1. d4 d5 2. Bf4 Nf6 3. e3 e6 4. c3 c5 5. Nd2 Bd6 6. Bg3 Qe7 7. Ngf3 Nc6 8. Ne5 Nd7 9. f4 g6 10. Bb5 Ncxe5 11. fxe5 Bc7 12. O-O a6 13. Bd3 b5 14.
Qe1 b4 15. Bh4 Qf8 16. Kh1 a5 17. e4 Bb7 18. exd5 Bxd5 19. Ne4 Bxe4 20. Bxe4 Rc8 21. cxb4 cxd4 22. bxa5 Bxe5 23. a6 Bb8 24. Rc1 Rc5 25. b4 Rxc1 26. Qxc1 f6 27. b5 Qd6 28. Bg3 e5 29. Qc4 Ke7 30. a4 Nb6 31. Qb3 Rc8 32. a5 Rc3 33. Qg8 Nd7 34. b6 Nxb6 35. axb6 Qxb6 36.
Qg7+ Ke6 37. Rxf6# 1-0

[Event "*** Titled Tuesday Blitz"]
[Site "Chess.com"]
[Date "2020.04.14"]
[Round "6"]
[White "MisaPap"]
[Black "IMTominho"]
[Result "0-1"]
[WhiteElo "2667"]
[BlackElo "2847"]
[TimeControl "180+1"]
[EndTime "11:01:28 PDT"]
[Termination "IMTominho won by resignation"]

1. e4 e5 2. Nf3 Nf6 3. Nxe5 d6 4. Nf3 Nxe4 5. Nc3 Nf6 6. d4 Be7 7. Bd3 O-O 8. Ne2 Re8 9. O-O Nbd7 10. Ng3 c6 11. Nf5 Bf8 12. Bf4 Nb6 13. h3 Nbd5 14. Bg5 b5 15. c3 Be6 16. Qd2 Qd7 17. Qc2 h6 18. Bd2 Nh5 19. g3 Nhf6 20. Rfe1 Nb6 21.
b3 c5 22. dxc5 dxc5 23. Rad1 c4 24. bxc4 bxc4 25. Nxh6+ gxh6 26. Bf1 Bf5 27. Qc1 Rxe1 28. Bxe1 Qa4 29. Nd4 Bg6 30. Bd2 Ne4 31. Be3 Nxc3 32.
Re1 Nxa2 33. Qd2 Bb4 0-1

[Event "*** Titled Tuesday Blitz"]
[Site "Chess.com"]
[Date "2020.04.14"]
[Round "6"]
[White "wonderfultime"]
[Black "hitaman"]
[Result "1-0"]
[WhiteElo "2935"]
[BlackElo "2668"]
[TimeControl "180+1"]
[EndTime "11:01:30 PDT"]
[Termination "wonderfultime won by resignation"]

1. d4 d5 2. Nf3 Nf6 3. Bf4 c5 4. c3 e6 5. e3 Bd6 6. Bb5+ Nc6 7.
Bg3 O-O 8. Nbd2 Ne7 9. Bd3 cxd4 10. exd4 Nf5 11. O-O Nxg3 12. hxg3 Nd7 13. Re1 g6 14.
Nf1 Re8 15. Ne3 Bf8 16. Qe2 Bg7 17. Nxd5 b6 18. Ne3 Bb7 19. Rad1 Qc7 20. Ba6 Red8 21. Bxb7 Qxb7 22. g4 h6 23. g5 hxg5 24. Nxg5 Nf6 25. Nc4 Qa6 26. Nxf7 1-0

[Event "*** Titled Tuesday Blitz"]
[Site "Chess.com"]
[Date "2020.04.14"]
[Round "6"]
[White "GuerrieroFromLevant"]
[Black "HrvojeZagreb"]
[Result "1-0"]
[WhiteElo "2352"]
[BlackElo "2191"]
[TimeControl "180+1"]
[EndTime "11:01:30 PDT"]
[Termination "GuerrieroFromLevant won by checkmate"]

1. e4 e6 2. d4 d5 3. Nd2 dxe4 4. Nxe4 Nd7 5. Nf3 Ngf6 6. Nxf6+ Nxf6 7. c3 c5 8. Ne5 a6 9. Qa4+ Nd7 10. Be3 Bd6 11. Rd1 Bxe5 12. dxe5 Qc7 13. f4 O-O 14. Bd3 Rb8 15.
Qe4 g6 16. h4 b5 17. Qf3 c4 18. Be4 Nc5 19. Bxc5 Qxc5 20. h5 f6 21. hxg6 fxe5 22. Rxh7 exf4 23. g7 Rf5 24. Rd8+ Kxh7 25. g8=Q+ Kh6 26.
Qh3+ Rh5 27. Qg6# 1-0

[Event "*** Titled Tuesday Blitz"]
[Site "Chess.com"]
[Date "2020.04.14"]
[Round "6"]
[White "checkmatequen"]
[Black "JoakimVonAnd"]
[Result "0-1"]
[WhiteElo "2205"]
[BlackElo "2474"]
[TimeControl "180+1"]
[EndTime "11:01:30 PDT"]
[Termination "JoakimVonAnd won by resignation"]

1. e4 c6 2. d4 d5 3. Nc3 dxe4 4.
Nxe4 Bf5 5. Ng3 Bg6 6. Bc4 e6 7.
N1e2 Bd6 8. Nf4 Nf6 9. Bb3 Qc7 10. Qf3 a5 11. a4 Na6 12. O-O Nb4 13. c3 Nbd5 14.
Nxg6 hxg6 15. h3 O-O 16. Ne4 Nxe4 17. Qxe4 Nf6 18. Qf3 b5 19. Bg5 Be7 20. Rfe1 Rad8 21. Bf4 Qb6 22. Be5 Nd7 23. Bg3 b4 24. c4 Qxd4 25.
Rad1 Qxb2 26. Re2 Qc3 27. Rd3 Qa1+ 28. Rd1 Qf6 29. Qxc6 Nc5 30. Rxd8 Rxd8 31. Bc2 b3 32. Bxb3 Nxb3 33. Be5 Qf5 34. Qb7 Bb4 35. Kh2 Rd2 36. Qc8+ Kh7 37. Rxd2 Qxe5+ 38. g3 Nxd2 0-1

[Event "*** Titled Tuesday Blitz"]
[Site "Chess.com"]
[Date "2020.04.14"]
[Round "6"]
[White "okriak"]
[Black "Azerichess"]
[Result "0-1"]
[WhiteElo "2797"]
[BlackElo "3017"]
[TimeControl "180+1"]
[EndTime "11:01:32 PDT"]
[Termination "Azerichess won by resignation"]

1. Nf3 Nf6 2. c4 c5 3. Nc3 d5 4.
cxd5 Nxd5 5. e3 Nxc3 6. dxc3 Qxd1+ 7. Kxd1 Nc6 8. e4 e6 9. Kc2 Be7 10. Be3 b6 11. Nd2 Bb7 12. f3 Rc8 13. a4 O-O 14. Nc4 Rfd8 15. Bd3 Ba6 16. Bf1 Nd4+ 17. cxd4 cxd4 18.
Bxd4 Rxd4 19. b3 Rcd8 20. Re1 Bxc4 21. Bxc4 Rd2+ 22. Kc3 a5 23. Ba6 b5 0-1